 Dungeon Crawl Stone Soup version 0.30-a0-377-g5cb311bc9f (webtiles) character file.

Game seed: 6662450915066694476

1626 Angani the Cudgeller (level 8, 0/63 HPs)
             Began as a Black Draconian Warper on Dec 1, 2022.
             Was a Believer of Ashenzari.
             Killed by divine providence
             ... invoked by an orc priest
              (15 damage)
             ... on level 6 of the Dungeon.
             The game lasted 00:09:34 (5600 turns).

Angani the Cudgeller (Black Draconian Warper)       Turns: 5600, Time: 00:09:35

Health: 0/63       AC: 11    Str: 14    XL:     8   Next: 65%
Magic:  3/17       EV: 12    Int: 16    God:    Ashenzari [**....]
Gold:   297        SH:  0    Dex: 10    Spells: 9/19 levels left

rFire   . . .      SeeInvis +    r - +0 flail of the Chained Pleiades {Melee, Cun} (curse)
rCold   . . .      Faith    .    (no shield)
rNeg    . . .      Spirit   .    (body armour unavailable)
rPois   .          Reflect  .    k - +2 hat
rElec   +          Harm     .    x - +2 cloak "Tethered Prison" {Comp, Bglg} (curse)
rCorr   +          Rampage  .    (no gloves)
Will    +....                    (no boots)
Stlth   +.........               (no amulet)
HPRegen 0.30/turn                l - ring "Chained Gnosis" {rCorr, Evo, Self} (curse)
MPRegen 0.15/turn                c - ring of willpower

@: no status effects
A: breathe lightning, AC +6, unfitting armour, electricity resistance,
cold-blooded, antennae 1, wild magic 1
a: Breathe Lightning, Renounce Religion, Curse Item, Shatter the Chains


You were on level 6 of the Dungeon.
You worshipped Ashenzari.
Ashenzari was pleased with you.
You visited 1 branch of the dungeon, and saw 6 of its levels.

You collected 297 gold pieces.

Inventory:

Hand Weapons
 r - the cursed +0 flail of the Chained Pleiades (weapon) {Melee, Cun}
   (You took it off an orc on level 3 of the Dungeon)

   It has a curse which improves the following skills: Melee Combat: Short
   Blades, Long Blades, Axes, Maces & Flails, Polearms, Staves and Unarmed
   Combat.
   Cunning:   Dodging and Stealth.
Missiles
 q - 2 silver boomerangs
 u - a boomerang
Armour
 k - a +2 hat (worn)
 x - the cursed +2 cloak "Tethered Prison" (worn) {Comp, Bglg}
   (You found it on level 3 of the Dungeon)

   It has a curse which improves the following skills: Companions: Summonings
   and Necromancy.
   Beguiling: Conjurations, Hexes and Translocations.
Jewellery
 c - a ring of willpower (right hand)
 l - the cursed ring "Chained Gnosis" (left hand) {rCorr, Evo, Self}
   (You found it on level 2 of the Dungeon)

   [ring of resist corrosion]

   rCorr:     It protects you from acid and corrosion.
   It has a curse which improves the following skills: Evocations: Evocations.
   Introspection: Fighting and Spellcasting.
Scrolls
 b - 2 scrolls of blinking
 d - a scroll of teleportation
 g - a scroll of poison
 n - 2 scrolls of fog
 s - 2 scrolls of magic mapping
 t - a scroll of immolation
Potions
 e - 2 potions of ambrosia
 f - a potion of flight
 i - a potion of invisibility
 o - a potion of brilliance
 p - a potion of berserk rage
 v - a potion of attraction
 z - a potion of mutation


   Skills:
 - Level 2.1(3.1) Fighting
 - Level 7.1(8.4) Maces & Flails
 - Level 0.8 Throwing
 - Level 2.1(3.1) Dodging
 + Level 5.2(6.4) Spellcasting
 + Level 6.1(7.4) Translocations
 + Level 4.3 Air Magic


You had 9 spell levels left.
You knew the following spells:

 Your Spells              Type           Power      Damage    Failure   Level
a - Apportation           Tloc           74%        N/A       1%          1
b - Blink                 Tloc           74%        N/A       1%          2
c - Vhi's Electric Charg  Tloc/Air       62%        N/A       6%          3
d - Manifold Assault      Tloc           37%        N/A       10%         4

Your spell library contained the following spells:

 Spells                   Type           Power      Damage    Failure   Level
 Lesser Beckoning         Tloc           74%        N/A       3%          3
 Teleport Other           Tloc           37%        N/A       3%          3
 Alistair's Intoxication  Tmut/Pois      4%         N/A       99%         5


Dungeon Overview and Level Annotations

Branches:
Dungeon (6/15)             Temple (0/1) D:5

Altars:
Ashenzari
Cheibriados
Gozag
Nemelex Xobeh
Okawaru
Ru
Vehumet
Wu Jian

Annotations:
D:5 3 runed translucent doors, Verendum's ghost, novice OpMo; stonewall's ghost, amateur TeCA


Innate Abilities, Weirdness & Mutations

You can breathe wild blasts of lightning.
Your glossy black scales are hard. (AC +6)
You cannot fit into any form of body armour.
You are resistant to electric shocks. (rElec)
You are cold-blooded and may be slowed by cold attacks.
You have a pair of small antennae on your head.
Your spells are a little harder to cast, but a little more powerful.


Message History

Unknown command.
Unknown command.
You closely miss the orc priest.
The orc priest is moderately wounded.
The orc priest hits you but does no damage.
You hit the orc priest.
The orc priest is moderately wounded.
The orc priest hits you but does no damage.
Unknown command.
You hit the orc priest but do no damage.
The orc priest is moderately wounded.
The orc priest hits you but does no damage.
You barely miss the orc priest.
The orc priest is moderately wounded.
The orc priest hits you but does no damage.
You hit the orc priest but do no damage.
The orc priest is moderately wounded.
The orc priest hits you but does no damage.
You closely miss the orc priest.
The orc priest is moderately wounded.
You feel less wooden.
The cursed +2 cloak "Tethered Prison" {Comp, Bglg} unmelds from your body.
Your +2 hat unmelds from your body.
The orc priest hits you but does no damage.
You hit the orc priest.
You tail-slap the orc priest, but do no damage.
The orc priest is severely wounded.
The orc priest closely misses you.
You barely miss the orc priest.
The orc priest is severely wounded.
The orc priest hits you but does no damage.
You hit the orc priest but do no damage.
You tail-slap the orc priest.
The orc priest is severely wounded.
The orc priest barely misses you.
You closely miss the orc priest.
The orc priest is severely wounded.
The orc priest calls down the wrath of Beogh upon you.
Beogh smites you!
You die...

, * ########.#.########
#..................
#.#####............
*#######.#################
, #............... , , ,,
* *#.#####.########## * *
#.....))...# *,
#..#######.# * , #.@# #.#
* *$#####)o#######.# ,
,.............).>#
*.####...######### ,, ***
#...# * * , ,...... , , ,
* #....... , * ,#.....#..
, #...#.,.. **


You could see an orc priest.

Vanquished Creatures
  Sigmund (D:5)
  2 water moccasins (D:5)
  An orc warrior (D:6)
  A sky beast (D:6)
  2 black bears
  An ogre (D:5)
  A phantom (D:5)
  A kobold brigand (D:6)
  4 scorpions
  A jelly (D:6)
  4 hounds (D:4)
  2 iguanas
  4 gnolls (D:5)
  6 adders
  A shadow imp (D:6)
  An ufetubus (D:5)
  2 worms
  3 dart slugs
  16 orcs
  5 ball pythons
  8 endoplasms
  2 giant cockroaches
  5 goblins
  7 hobgoblins
  2 jackals (D:5)
  6 quokkas
  A bat (D:1)
  4 frilled lizards
  13 kobolds
  5 rats
112 creatures vanquished.

Notes
Turn   | Place    | Note
-------+----------+-------------------------------------------
     0 | D:1      | Angani the Draconian Warper began the quest for the Orb.
     0 | D:1      | Reached XP level 1. HP: 17/17 MP: 3/3
   150 | D:1      | Reached XP level 2. HP: 22/24 MP: 5/5
   152 | D:1      | Learned a level 1 spell: Apportation
   196 | D:1      | You fall into a shaft and drop 1 floor!
   212 | D:1      | Reached skill level 3 in Maces & Flails
   714 | D:2      | Reached XP level 3. HP: 27/29 MP: 6/6
   814 | D:2      | Reached skill level 4 in Maces & Flails
  1877 | D:3      | Found a broken altar of Ashenzari.
  1881 | D:3      | Became a worshipper of Ashenzari the Shackled
  1952 | D:3      | Reached XP level 4. HP: 36/36 MP: 7/7
  2552 | D:3      | Found a sparkling altar of Nemelex Xobeh.
  2901 | D:4      | Reached skill level 5 in Maces & Flails
  3046 | D:4      | Found a snail-covered altar of Cheibriados.
  3078 | D:4      | Noticed a black bear
  3196 | D:4      | Found an iron altar of Okawaru.
  3240 | D:4      | Found an ornate altar of the Wu Jian Council.
  3255 | D:4      | Reached XP level 5. HP: 20/41 MP: 8/8
  3455 | D:4      | Reached skill level 6 in Maces & Flails
  3521 | D:4      | Reached * piety under Ashenzari
  3616 | D:4      | Gained mutation: Your spells are a little harder to cast,
                  | but a little more powerful. [potion of mutation]
  3616 | D:4      | Gained mutation: You have a pair of small antennae on your
                  | head. [potion of mutation]
  3661 | D:4      | Found a radiant altar of Vehumet.
  3671 | D:4      | Noticed a black bear
  3677 | D:4      | Killed a black bear
  3678 | D:4      | Reached XP level 6. HP: 50/50 MP: 9/9
  3791 | D:5      | Entered Level 5 of the Dungeon
  3805 | D:5      | Noticed a water moccasin
  3823 | D:5      | Killed a water moccasin
  3824 | D:5      | Reached skill level 7 in Maces & Flails
  4151 | D:5      | Your scales start taking on a glossy black colour.
  4151 | D:5      | Reached XP level 7. HP: 56/56 MP: 10/12
  4151 | D:5      | Gained mutation: You are resistant to electric shocks.
                  | (rElec) [Black Draconian growth]
  4214 | D:5      | Noticed Sigmund
  4217 | D:5      | Killed Sigmund
  4257 | D:5      | Found an opulent altar of Gozag.
  4323 | D:5      | Found a staircase to the Ecumenical Temple.
  4354 | D:5      | HP: 2/56 [bounced beam (3)]
  4556 | D:5      | Learned a level 2 spell: Blink
  4560 | D:5      | Learned a level 3 spell: Vhi's Electric Charge
  4565 | D:5      | Learned a level 4 spell: Manifold Assault
  4583 | D:5      | Found a sacrificial altar of Ru.
  4596 | D:5      | Reached ** piety under Ashenzari
  4625 | D:5      | Reached skill level 1 in Air Magic
  4698 | D:5      | Found a runed translucent gate.
  4698 | D:5      | Found a runed translucent gate.
  4698 | D:5      | Found a runed translucent gate.
  4700 | D:5      | Noticed Verendum's ghost (novice OpMo)
  4701 | D:5      | Noticed stonewall's ghost (amateur TeCA)
  4812 | D:5      | Reached skill level 5 in Translocations
  4818 | D:5      | Reached XP level 8. HP: 35/63 MP: 14/16
  5358 | D:5      | Identified the +1 dagger of the Bruised Lives {flame,
                  | rElec}
  5556 | D:6      | HP: 3/63 [orc warrior/bolt (11)]
  5564 | D:6      | Reached skill level 5 in Spellcasting
  5587 | D:6      | HP: 4/94 [orc priest/divine providence (12)]
  5596 | D:6      | Identified the cursed +2 cloak "Tethered Prison" {Comp,
                  | Bglg} (You found it on level 3 of the Dungeon)
  5600 | D:6      | Killed from afar by an orc priest

Illustrated notes

Levels and vault maps discovered:
D:1:      minmay_arrival_radiant_lines, layout_basic
D:2:      layout_loops_corners
D:3:      layout_loops_ring, nicolae_ashenzari_skybound,
          nemelex_diamond_rough_becter, wad_floor_pattern_untrapped,
          minmay_misc_feat_iff, chequers_serial_rivers_micro_b,
          grunt_decor_junction, kennysheep_boxes
D:4:      layout_basic, nicolae_wu_jian_immortal_techniques,
          mainiacjoe_overflow_alcove_1, mainiacjoe_overflow_24_doors,
          mainiacjoe_overflow_cross_hatched
D:5:      layout_cave_pods, nicolae_gozag_cash_rules_everything_around_me,
          lemuel_crystal_altar, minmay_temple_entry_hall,
          gammafunk_ghost_cemetery, ebering_dispersal_statue_hall,
          cheibrodos_gnoll_hut, uniq_sigmund
D:6:      hangedman_cross_stitches, layout_basic, kennysheep_ying_yang,
          uniq_blork_the_orc

Skill      XL: |  1  2  3  4  5  6  7  8 |
---------------+-------------------------+-----
Maces & Flails | 3 4 5 6 7 |  7.1
Spellcasting   | 4 5 |  5.2
Translocations | 5 6 |  6.1
Air Magic      | 2 4 |  4.3
Fighting       | |  2.1
Throwing       | |  0.8
Dodging        | |  2.1

Action                   |  1- 3 |  4- 6 |  7- 9 || total
-------------------------+-------+-------+-------++-------
Melee: Mace              |   146 |    23 |       ||   169
       Tailslap          |    16 |    13 |    28 ||    57
       Flail             |       |   130 |   177 ||   307
       Punch             |       |     2 |     2 ||     4
Throw: Boomerang         |       |    17 |       ||    17
 Cast: Vhi's Electric Ch |       |       |     7 ||     7
       Manifold Assault  |       |       |     2 ||     2
       Apportation       |       |       |     1 ||     1
Invok: Curse Item        |       |     2 |     1 ||     3
 Abil: Breathe Lightning |       |       |     8 ||     8
  Use: Scroll            |     2 |     4 |     2 ||     8
       Potion            |       |     3 |     6 ||     9
 Stab: Sleeping          |     2 |     1 |     1 ||     4
Armor: Skin              |    42 |    75 |    94 ||   211
Dodge: Dodged            |    98 |   121 |   105 ||   324

Table legend: (Time is in decaauts)
 A = Elapsed time spent in this place.
 B = Non-inter-level travel time spent in this place.
 C = Inter-level travel time spent in this place.
 D = Time resting spent in this place.
 E = Time spent auto-exploring this place.
 F = Levels seen in this place.
 G = Mean time per level.
                   A        B        C        D        E       F      G
               +--------+--------+--------+--------+--------+-----+--------+
         Total |   5663 |   5562 |    101 |    978 |   3473 |   6 |  943.8 |
       Dungeon |   5663 |   5562 |    101 |    978 |   3473 |   6 |  943.8 |
               +--------+--------+--------+--------+--------+-----+--------+

Top non-repeatable levels by time:
     D:5: 1547 daAuts
     D:2: 1144 daAuts
     D:4: 1045 daAuts
     D:3: 1021 daAuts
     D:1: 707 daAuts
     D:6: 196 daAuts
